 Dungeon Crawl Stone Soup version 0.22.1-2-g9c5b331 (webtiles) character file.

82 havocjr2 the Firebug (level 4, -1/24 HPs)
             Began as a Gargoyle Fire Elementalist on Dec 21, 2018.
             Slain by a centaur (5 damage)
             ... on level 3 of the Dungeon.
             The game lasted 00:19:51 (2163 turns).

havocjr2 the Firebug (Gargoyle Fire Elementalist)   Turns: 2163, Time: 00:19:51

Health: -1/24      AC:  7    Str: 12    XL:     4   Next: 43%
Magic:  4/8        EV: 12    Int: 16    God:
Gold:   64         SH:  0    Dex: 10    Spells: 5/8 levels left

rFire    . . .     SeeInvis .   o - +2 dagger (holy)
rCold    . . .     Gourm    .   (no shield)
rNeg     + . .     Faith    .   a - +0 robe
rPois    ∞         Spirit   .   i - +0 helmet
rElec    +         Reflect  .   j - +0 cloak
rCorr    .         Harm     .   (no gloves)
MR       .....                  (no boots)
Stlth    ++........             k - amulet of rage
HPRegen  0.08/turn              (no ring)
MPRegen  0.11/turn              (no ring)

@: about to teleport
A: negative energy resistance 1, electricity resistance, unbreathing,
petrification resistance, rot immunity, AC +3
a: Evoke Berserk Rage


You were on level 3 of the Dungeon.
You were not hungry.

You visited 1 branch of the dungeon, and saw 3 of its levels.

You collected 64 gold pieces.

Inventory:

Hand Weapons
 g - a +1 dagger
 o - a +2 dagger of holy wrath (weapon)
Missiles
 e - 102 stones (quivered)
Armour
 a - a +0 robe (worn)
 i - a +0 helmet (worn)
 j - a +0 cloak (worn)
Jewellery
 k - an amulet of rage (around neck)
Scrolls
 d - 4 scrolls of teleportation
 h - a scroll of immolation {unknown}
 l - 3 scrolls of identify
 m - a scroll of fog {unknown}
 n - a scroll of remove curse
Potions
 b - 2 potions of curing
 f - a potion of mutation {unknown}
 p - a potion of berserk rage {unknown}
Comestibles
 c - 6 rations


   Skills:
 - Level 1.5 Dodging
 - Level 2.1 Stealth
 + Level 2.9 Spellcasting
 + Level 2.7 Conjurations
 + Level 3.8 Fire Magic


You had 5 spell levels left.
You knew the following spells:

 Your Spells              Type           Power        Failure   Level  Hunger
a - Flame Tongue          Conj/Fire      ##...        4%          1    #......
b - Throw Flame           Conj/Fire      ##....       8%          2    ##.....

Your spell library contained the following spells:

 Spells                   Type           Power        Failure   Level  Hunger
 Conjure Flame            Conj/Fire      ##......     16%         3    ###....
 Inner Flame              Hex/Fire       #.......     26%         3    ###....
 Sticky Flame             Conj/Fire      ##......     45%         4    #####..
 Fireball                 Conj/Fire      ##........   80%         5    ######.


Dungeon Overview and Level Annotations

Branches:
Dungeon (3/15)

Altars:


Innate Abilities, Weirdness & Mutations

You are resistant to torment.
Your stone body is resilient. (AC +3)
You are immune to poison.
You resist negative energy. (rN+)
You are resistant to electric shocks. (rElec)
You can survive without breathing.
You are immune to petrification.
You are immune to rotting.


Message History

Press: ? - help, Shift-Dir - straight line, f/p - centaur
Aim: a centaur, wielding a shortbow (lightly wounded)
The flame tongue hits the centaur.
The centaur is moderately wounded.
The centaur unwields an uncursed shortbow.
The centaur completely misses you.
Casting: Flame Tongue (safe; 4% risk of failure)
Confirm with . or Enter, or press ? or * to list all spells.
Aiming: Flame Tongue (safe; 4% risk of failure)
Press: ? - help, Shift-Dir - straight line, f/p - centaur
Aim: a centaur (moderately wounded)
The flame tongue hits the centaur.
The centaur is heavily wounded.
The centaur hits you.
* * * LOW HITPOINT WARNING * * *
The centaur hits you.
* * * LOW HITPOINT WARNING * * *
As you read the scroll of teleportation, it crumbles to dust.
You feel strangely unstable. The centaur hits you.
You die...

... # ..#
#. #.#
#.# #.#
...#.#
#.###.#.#
#c......#
#c# #@#
#.# #.#
..# ###


You could see a centaur.

Vanquished Creatures
  Terence (D:2)
  An ooze (D:2)
  4 worms (D:2)
  2 leopard geckos (D:1)
  An orc (D:2)
  A giant cockroach (D:2)
  6 goblins
  2 hobgoblins (D:1)
  6 bats
  2 frilled lizards (D:1)
  7 kobolds
  8 rats
41 creatures vanquished.

Notes
Turn   | Place    | Note
-------+----------+-------------------------------------------
     0 | D:1      | havocjr2 the Gargoyle Fire Elementalist began the quest for
                  | the Orb.
     0 | D:1      | Reached XP level 1. HP: 10/10 MP: 3/3
   323 | D:1      | Reached XP level 2. HP: 15/15 MP: 3/5
   327 | D:1      | Learned a level 2 spell: Throw Flame
   963 | D:2      | Reached XP level 3. HP: 11/19 MP: 2/6
  1397 | D:2      | Noticed Terence
  1432 | D:2      | Killed Terence
  1432 | D:2      | Reached XP level 4. HP: 10/24 MP: 0/8
  2155 | D:3      | Noticed a centaur
  2163 | D:3      | Slain by a centaur

Skill      XL: |  1  2 |
---------------+-------+-----
Conjurations   | 2 |  2.7
Dodging        | |  1.5
Stealth        | |  2.1
Spellcasting   | |  2.9
Fire Magic     | |  3.8

Action                   |  1- 3 |  4- 6 || total
-------------------------+-------+-------++-------
Melee: Dagger            |    63 |     3 ||    66
Throw: Stone             |    13 |     3 ||    16
 Cast: Flame Tongue      |    41 |    19 ||    60
       Throw Flame       |     8 |     2 ||    10
  Use: Scroll            |     4 |     2 ||     6
  Eat: Chunk             |     2 |     3 ||     5
Armor: Robe              |    10 |     1 ||    11
Dodge: Dodged            |    39 |     5 ||    44
